 Dungeon Crawl Stone Soup version 0.20-a0-433-g9e36e56 (webtiles) character file.

214 mopl the Chopper (level 5, -4/45 HPs)
             Began as a Hill Orc Wanderer on Jan 3, 2017.
             Was an Initiate of Beogh.
             Slain by Blork the orc
             ... wielding a +0 vampiric halberd
              (5 damage)
             ... on level 4 of the Dungeon.
             The game lasted 00:04:37 (3177 turns).

mopl the Chopper (Hill Orc Wanderer)                Turns: 3177, Time: 00:04:38

Health: -4/45      AC:  9    Str: 18    XL:     5   Next: 92%
Magic:  6/6        EV:  4    Int: 10    God:    Beogh [......]
Gold:   140        SH:  7    Dex: 10    Spells: 6/6 levels left

rFire  . . .     SeeInvis .     a - +0 hand axe
rCold  . . .     Gourm    .     n - +0 chain mail
rNeg   . . .     Faith    .     g - +0 shield
rPois  .         Spirit   .     (no helmet)
rElec  .         Reflect  .     (no cloak)
rCorr  .         Harm     .     (no gloves)
MR     .....                    (no boots)
Stlth  ..........               (no amulet)
                                (no ring)
                                (no ring)

@: no status effects
A: no striking features
a: Renounce Religion


You were on level 4 of the Dungeon.
You worshipped Beogh.
Beogh was noncommittal.
You were hungry.

You visited 1 branch of the dungeon, and saw 4 of its levels.

You collected 140 gold pieces.

Inventory:

Hand Weapons
 a - a +0 hand axe (weapon)
 b - a +0 hand crossbow
 m - a +1 dagger of holy wrath
 w - a +0 blowgun
Missiles
 c - 17 bolts
 k - 13 poisoned needles
 u - 6 needles of sleeping
 v - 3 curare-tipped needles
Armour
 g - a +0 shield (worn)
 n - a +0 chain mail (worn)
Wands
 r - a wand of confusion (11/48)
Scrolls
 e - a scroll of fear {unknown}
 i - 3 scrolls of identify {unknown}
 j - a scroll of remove curse {unknown}
 o - a scroll of enchant weapon {unknown}
 t - a scroll of teleportation {unknown}
Potions
 d - a potion of lignification {!q}
 h - a potion of cure mutation {unknown}
 q - 2 potions of degeneration {unknown}
 s - a potion of resistance {unknown}
Comestibles
 f - 5 bread rations
 l - 2 meat rations
 p - a beef jerky


   Skills:
 + Level 3.4 Fighting
 * Level 6.9 Axes
 + Level 3.4 Armour
 - Level 1.0 Stealth
 - Level 1.1 Shields
 - Level 1.0 Spellcasting
   Level 2.0 Hexes


You had 6 spell levels left.
You didn't know any spells.

Dungeon Overview and Level Annotations

Branches:
Dungeon (4/15)
 Temple: D:4-7

Altars:
Trog

Annotations:
D:4 Blork the orc


Message History

Blork the orc is moderately wounded.
Blork the orc points at you and mumbles some strange words.
The puff of frost hits you! You block Blork the orc's attack.
You hit Blork the orc but do no damage.
Blork the orc is moderately wounded.
Blork the orc hits you with a vampiric halberd!
Blork the orc draws strength from your wounds!
You hit Blork the orc.
Blork the orc is lightly wounded.
Blork the orc hits you with a vampiric halberd.
* * * LOW HITPOINT WARNING * * *
Blork the orc draws strength from your wounds!
Blork the orc barely misses you.
You hit Blork the orc.
Blork the orc is moderately wounded.
Blork the orc hits you with a vampiric halberd!
* * * LOW HITPOINT WARNING * * *
Blork the orc hits you from afar with a vampiric halberd.
You die...
Beogh appreciates Blork the orc's killing of a heretic priest.

### #<#
#########'###
#...........#
#...........#
#.###...........#
#.....o.@.......#
#.#.....?.......#
#....###......#
##### #.####.#
#.. ... #>.. ..
#+###


You could see Blork the orc.

Vanquished Creatures
  A bullfrog (D:3)
  Ijyb (D:3)
  2 adders (D:2)
  2 worms (D:2)
  5 dart slugs
  2 leopard geckos
  3 orcs (D:3)
  A ball python (D:3)
  4 giant cockroaches
  9 goblins
  12 hobgoblins
  4 jackals (D:1)
  6 kobolds
  2 quokkas
  5 bats
  10 frilled lizards
  9 rats
78 creatures vanquished.

Vanquished Creatures (others)
  A giant cockroach (D:3)
  A frilled lizard (D:3)
2 creatures vanquished.

Grand Total: 80 creatures vanquished

Notes
Turn   | Place    | Note
-------+----------+-------------------------------------------
     0 | D:1      | mopl the Hill Orc Wanderer began the quest for the Orb.
     0 | D:1      | mopl set off with: a +0 shield, a +0 hand crossbow, 23 bolts, a potion of lignification {!q}, a +0 robe, a bread ration
     0 | D:1      | Reached XP level 1. HP: 14/14 MP: 2/2
    25 | D:1      | Reached skill level 1 in Fighting
    29 | D:1      | Reached XP level 2. HP: 9/23 MP: 3/3
   346 | D:1      | Reached skill level 2 in Armour
   718 | D:1      | Reached skill level 2 in Fighting
   727 | D:1      | Reached XP level 3. HP: 28/29 MP: 4/4
  1628 | D:2      | Found a bloodstained altar of Trog.
  1645 | D:2      | Reached XP level 4. HP: 4/37 MP: 5/5
  2091 | D:2      | Reached skill level 6 in Axes
  2503 | D:3      | Became a worshipper of Beogh the Brigand
  2555 | D:3      | Found a faded altar of an unknown god.
  2649 | D:3      | Reached skill level 3 in Armour
  2745 | D:3      | Noticed Ijyb
  2754 | D:3      | Killed Ijyb
  2754 | D:3      | Reached skill level 3 in Fighting
  2754 | D:3      | Reached XP level 5. HP: 45/45 MP: 6/6
  3160 | D:4      | Noticed Blork the orc
  3176 | D:4      | HP: 1/45 [Blork the orc/vampiric halberd (12)]
  3177 | D:4      | Slain by Blork the orc

Vault maps used:
D:1:      dpeg_arrival_rooms_b, patterned_corridor
D:2:      lemuel_round_altar
D:3:      first_bread, chequers_ecumenical_altar_simple, uniq_iyjb
D:4:      old_standard_altar, serial_shops, nicolae_shop_stone,
          cheibriados_altar_1, uniq_blork_the_orc, uniq_duvessa

Skill      XL: |  1  2  3  4 |
---------------+-------------+-----
Fighting       | 1 2 3 |  3.4
Armour         | 2 3 |  3.4
Axes           | 6 |  6.9
Stealth        | |  1.0
Shields        | |  1.1
Spellcasting   | |  1.0
Hexes          | |  2.0

Action                   |  1- 3 |  4- 6 || total
-------------------------+-------+-------++-------
Melee: Hand axe          |    95 |   176 ||   271
 Fire: Hand crossbow     |    44 |     6 ||    50
Invok: Convert to Beogh  |       |     1 ||     1
  Use: Potion            |       |     3 ||     3
 Stab: Sleeping          |     1 |     2 ||     3
  Eat: Chunk             |     2 |     5 ||     7
Armor: Robe              |    31 |     3 ||    34
       Chain mail        |       |    76 ||    76
Dodge: Dodged            |    43 |    44 ||    87
Block: Shield            |    46 |    55 ||   101
